%YAML 1.1
%TAG !u! tag:unity3d.com,2011:
--- !u!1 &1060922323806900745
GameObject:
  m_ObjectHideFlags: 0
  m_CorrespondingSourceObject: {fileID: 0}
  m_PrefabInstance: {fileID: 0}
  m_PrefabAsset: {fileID: 0}
  serializedVersion: 6
  m_Component:
  - component: {fileID: 8056974599589740106}
  m_Layer: 0
  m_Name: GameObject
  m_TagString: Untagged
  m_Icon: {fileID: 0}
  m_NavMeshLayer: 0
  m_StaticEditorFlags: 0
  m_IsActive: 1
--- !u!4 &8056974599589740106
Transform:
  m_ObjectHideFlags: 0
  m_CorrespondingSourceObject: {fileID: 0}
  m_PrefabInstance: {fileID: 0}
  m_PrefabAsset: {fileID: 0}
  m_GameObject: {fileID: 1060922323806900745}
  m_LocalRotation: {x: 0, y: 0, z: 0, w: 1}
  m_LocalPosition: {x: 0, y: 0, z: 0}
  m_LocalScale: {x: 1, y: 1, z: 1}
  m_Children: []
  m_Father: {fileID: 5636662368815518970}
  m_RootOrder: 1
  m_LocalEulerAnglesHint: {x: 0, y: 0, z: 0}
--- !u!1 &5636662368815518968
GameObject:
  m_ObjectHideFlags: 0
  m_CorrespondingSourceObject: {fileID: 0}
  m_PrefabInstance: {fileID: 0}
  m_PrefabAsset: {fileID: 0}
  serializedVersion: 6
  m_Component:
  - component: {fileID: 5636662368815518970}
  - component: {fileID: 5636662368815518971}
  - component: {fileID: 5636662368815518973}
  m_Layer: 0
  m_Name: GenericChunk
  m_TagString: Untagged
  m_Icon: {fileID: 0}
  m_NavMeshLayer: 0
  m_StaticEditorFlags: 0
  m_IsActive: 1
--- !u!4 &5636662368815518970
Transform:
  m_ObjectHideFlags: 0
  m_CorrespondingSourceObject: {fileID: 0}
  m_PrefabInstance: {fileID: 0}
  m_PrefabAsset: {fileID: 0}
  m_GameObject: {fileID: 5636662368815518968}
  m_LocalRotation: {x: 0.000002004206, y: 0.7071068, z: -0.7071068, w: 0.000002004206}
  m_LocalPosition: {x: -141.41, y: 9.407188, z: 18.69}
  m_LocalScale: {x: 6.206282, y: 6.2062836, z: 6.2062836}
  m_Children:
  - {fileID: 3663411388091711822}
  - {fileID: 8056974599589740106}
  m_Father: {fileID: 0}
  m_RootOrder: 0
  m_LocalEulerAnglesHint: {x: 0, y: 0, z: 0}
--- !u!65 &5636662368815518971
BoxCollider:
  m_ObjectHideFlags: 0
  m_CorrespondingSourceObject: {fileID: 0}
  m_PrefabInstance: {fileID: 0}
  m_PrefabAsset: {fileID: 0}
  m_GameObject: {fileID: 5636662368815518968}
  m_Material: {fileID: 0}
  m_IsTrigger: 1
  m_Enabled: 1
  serializedVersion: 2
  m_Size: {x: 2, y: 5, z: 3}
  m_Center: {x: 0, y: 0, z: 0}
--- !u!114 &5636662368815518973
MonoBehaviour:
  m_ObjectHideFlags: 0
  m_CorrespondingSourceObject: {fileID: 0}
  m_PrefabInstance: {fileID: 0}
  m_PrefabAsset: {fileID: 0}
  m_GameObject: {fileID: 5636662368815518968}
  m_Enabled: 1
  m_EditorHideFlags: 0
  m_Script: {fileID: 11500000, guid: 59d8129b74b11b64fa32e4556e5ad110, type: 3}
  m_Name: 
  m_EditorClassIdentifier: 
  BM: {fileID: 0}
--- !u!1001 &2609829115270119931
PrefabInstance:
  m_ObjectHideFlags: 0
  serializedVersion: 2
  m_Modification:
    m_TransformParent: {fileID: 5636662368815518970}
    m_Modifications:
    - target: {fileID: 1648586843051393205, guid: 1756d9a251ecfdb4b8154fcf718805bc, type: 3}
      propertyPath: m_RootOrder
      value: 0
      objectReference: {fileID: 0}
    - target: {fileID: 1648586843051393205, guid: 1756d9a251ecfdb4b8154fcf718805bc, type: 3}
      propertyPath: m_LocalScale.x
      value: 1
      objectReference: {fileID: 0}
    - target: {fileID: 1648586843051393205, guid: 1756d9a251ecfdb4b8154fcf718805bc, type: 3}
      propertyPath: m_LocalScale.y
      value: 1
      objectReference: {fileID: 0}
    - target: {fileID: 1648586843051393205, guid: 1756d9a251ecfdb4b8154fcf718805bc, type: 3}
      propertyPath: m_LocalScale.z
      value: 3
      objectReference: {fileID: 0}
    - target: {fileID: 1648586843051393205, guid: 1756d9a251ecfdb4b8154fcf718805bc, type: 3}
      propertyPath: m_LocalPosition.x
      value: 0
      objectReference: {fileID: 0}
    - target: {fileID: 1648586843051393205, guid: 1756d9a251ecfdb4b8154fcf718805bc, type: 3}
      propertyPath: m_LocalPosition.y
      value: 0
      objectReference: {fileID: 0}
    - target: {fileID: 1648586843051393205, guid: 1756d9a251ecfdb4b8154fcf718805bc, type: 3}
      propertyPath: m_LocalPosition.z
      value: 0.69
      objectReference: {fileID: 0}
    - target: {fileID: 1648586843051393205, guid: 1756d9a251ecfdb4b8154fcf718805bc, type: 3}
      propertyPath: m_LocalRotation.w
      value: -0.000000030908623
      objectReference: {fileID: 0}
    - target: {fileID: 1648586843051393205, guid: 1756d9a251ecfdb4b8154fcf718805bc, type: 3}
      propertyPath: m_LocalRotation.x
      value: -0.000000030908623
      objectReference: {fileID: 0}
    - target: {fileID: 1648586843051393205, guid: 1756d9a251ecfdb4b8154fcf718805bc, type: 3}
      propertyPath: m_LocalRotation.y
      value: 0.7071068
      objectReference: {fileID: 0}
    - target: {fileID: 1648586843051393205, guid: 1756d9a251ecfdb4b8154fcf718805bc, type: 3}
      propertyPath: m_LocalRotation.z
      value: -0.7071068
      objectReference: {fileID: 0}
    - target: {fileID: 1648586843051393205, guid: 1756d9a251ecfdb4b8154fcf718805bc, type: 3}
      propertyPath: m_LocalEulerAnglesHint.x
      value: 0
      objectReference: {fileID: 0}
    - target: {fileID: 1648586843051393205, guid: 1756d9a251ecfdb4b8154fcf718805bc, type: 3}
      propertyPath: m_LocalEulerAnglesHint.y
      value: 0
      objectReference: {fileID: 0}
    - target: {fileID: 1648586843051393205, guid: 1756d9a251ecfdb4b8154fcf718805bc, type: 3}
      propertyPath: m_LocalEulerAnglesHint.z
      value: 0
      objectReference: {fileID: 0}
    - target: {fileID: 5028170808076177696, guid: 1756d9a251ecfdb4b8154fcf718805bc, type: 3}
      propertyPath: m_Name
      value: Mark without text
      objectReference: {fileID: 0}
    - target: {fileID: 8858255821325259496, guid: 1756d9a251ecfdb4b8154fcf718805bc, type: 3}
      propertyPath: m_PropertySheet.m_Gradient.m_Array.Array.size
      value: 1
      objectReference: {fileID: 0}
    - target: {fileID: 8858255821325259496, guid: 1756d9a251ecfdb4b8154fcf718805bc, type: 3}
      propertyPath: m_PropertySheet.m_Gradient.m_Array.Array.data[0].m_Name
      value: New Gradient
      objectReference: {fileID: 0}
    - target: {fileID: 8858255821325259496, guid: 1756d9a251ecfdb4b8154fcf718805bc, type: 3}
      propertyPath: m_PropertySheet.m_Gradient.m_Array.Array.data[0].m_Overridden
      value: 1
      objectReference: {fileID: 0}
    - target: {fileID: 8858255821325259496, guid: 1756d9a251ecfdb4b8154fcf718805bc, type: 3}
      propertyPath: m_PropertySheet.m_Gradient.m_Array.Array.data[0].m_Value.atime1
      value: 6554
      objectReference: {fileID: 0}
    - target: {fileID: 8858255821325259496, guid: 1756d9a251ecfdb4b8154fcf718805bc, type: 3}
      propertyPath: m_PropertySheet.m_Gradient.m_Array.Array.data[0].m_Value.atime2
      value: 52428
      objectReference: {fileID: 0}
    - target: {fileID: 8858255821325259496, guid: 1756d9a251ecfdb4b8154fcf718805bc, type: 3}
      propertyPath: m_PropertySheet.m_Gradient.m_Array.Array.data[0].m_Value.atime3
      value: 65535
      objectReference: {fileID: 0}
    - target: {fileID: 8858255821325259496, guid: 1756d9a251ecfdb4b8154fcf718805bc, type: 3}
      propertyPath: m_PropertySheet.m_Gradient.m_Array.Array.data[0].m_Value.ctime1
      value: 65535
      objectReference: {fileID: 0}
    - target: {fileID: 8858255821325259496, guid: 1756d9a251ecfdb4b8154fcf718805bc, type: 3}
      propertyPath: m_PropertySheet.m_Gradient.m_Array.Array.data[0].m_Value.key0.b
      value: 47.107903
      objectReference: {fileID: 0}
    - target: {fileID: 8858255821325259496, guid: 1756d9a251ecfdb4b8154fcf718805bc, type: 3}
      propertyPath: m_PropertySheet.m_Gradient.m_Array.Array.data[0].m_Value.key0.r
      value: 255.99997
      objectReference: {fileID: 0}
    - target: {fileID: 8858255821325259496, guid: 1756d9a251ecfdb4b8154fcf718805bc, type: 3}
      propertyPath: m_PropertySheet.m_Gradient.m_Array.Array.data[0].m_Value.key1.a
      value: 1
      objectReference: {fileID: 0}
    - target: {fileID: 8858255821325259496, guid: 1756d9a251ecfdb4b8154fcf718805bc, type: 3}
      propertyPath: m_PropertySheet.m_Gradient.m_Array.Array.data[0].m_Value.key1.b
      value: 0.5
      objectReference: {fileID: 0}
    - target: {fileID: 8858255821325259496, guid: 1756d9a251ecfdb4b8154fcf718805bc, type: 3}
      propertyPath: m_PropertySheet.m_Gradient.m_Array.Array.data[0].m_Value.key1.g
      value: 0.5
      objectReference: {fileID: 0}
    - target: {fileID: 8858255821325259496, guid: 1756d9a251ecfdb4b8154fcf718805bc, type: 3}
      propertyPath: m_PropertySheet.m_Gradient.m_Array.Array.data[0].m_Value.key1.r
      value: 0.5
      objectReference: {fileID: 0}
    - target: {fileID: 8858255821325259496, guid: 1756d9a251ecfdb4b8154fcf718805bc, type: 3}
      propertyPath: m_PropertySheet.m_Gradient.m_Array.Array.data[0].m_Value.key2.a
      value: 0.8
      objectReference: {fileID: 0}
    - target: {fileID: 8858255821325259496, guid: 1756d9a251ecfdb4b8154fcf718805bc, type: 3}
      propertyPath: m_PropertySheet.m_Gradient.m_Array.Array.data[0].m_Value.m_NumAlphaKeys
      value: 4
      objectReference: {fileID: 0}
    - target: {fileID: 8858255821325259496, guid: 1756d9a251ecfdb4b8154fcf718805bc, type: 3}
      propertyPath: m_PropertySheet.m_Gradient.m_Array.Array.data[0].m_Value.m_NumColorKeys
      value: 2
      objectReference: {fileID: 0}
    - target: {fileID: 8858255821325259497, guid: 1756d9a251ecfdb4b8154fcf718805bc, type: 3}
      propertyPath: m_Materials.Array.data[0]
      value: 
      objectReference: {fileID: 0}
    - target: {fileID: 8858255821325259497, guid: 1756d9a251ecfdb4b8154fcf718805bc, type: 3}
      propertyPath: m_Materials.Array.data[1]
      value: 
      objectReference: {fileID: 0}
    m_RemovedComponents: []
  m_SourcePrefab: {fileID: 100100000, guid: 1756d9a251ecfdb4b8154fcf718805bc, type: 3}
--- !u!4 &3663411388091711822 stripped
Transform:
  m_CorrespondingSourceObject: {fileID: 1648586843051393205, guid: 1756d9a251ecfdb4b8154fcf718805bc, type: 3}
  m_PrefabInstance: {fileID: 2609829115270119931}
  m_PrefabAsset: {fileID: 0}
